 Dungeon Crawl Stone Soup version 0.26.1-11-gd32895ea62 (webtiles) character file.

Game seed: 2088305298800259495

38056 H0rd4k the Thaumaturge (level 14, -2/117 (123) HPs)
             Began as a Naga Ice Elementalist on July 6, 2021.
             Was the Champion of Ru.
             Slain by Rupert
             ... wielding a +2 vorpal great mace
              (16 damage)
             ... on level 2 of the Orcish Mines on July 7, 2021.
             The game lasted 01:53:54 (33453 turns).

H0rd4k the Thaumaturge (Naga Ice Elementalist)     Turns: 33453, Time: 01:53:55

HP:   -2/117 (123)  AC: 11    Str: 12    XL:     14   Next: 0%
MP:   15/31         EV: 14    Int: 20    God:    Ru [******]
Gold: 1330          SH:  0    Dex: 12    Spells: 13/39 levels left

rFire    + . .     SeeInvis +   j - +8 falchion (holy)
rCold    + . .     Faith    .   (no shield)
rNeg     . . .     Spirit   .   C - +4 ring mail of the Harvest {Rampage rC+}
rPois    +         Reflect  .   (no helmet)
rElec    .         Harm     .   (no cloak)
rCorr    .         Rampage  +   (no gloves)
Will     +....                  (no barding)
Stlth    +++.......             t - amulet of magic regeneration
HPRegen  0.29/turn              u - +4 ring of evasion
MPRegen  0.47/turn              J - ring of protection from fire

@: exhausted, no potions, frozen ramparts, lightly drained, very slow
A: large, see invisible, deformed body, poison resistance, slowness 2, spit
poison 1, inability to use devices, hated by all, inability to train armour,
inexperienced 1, constrict 1, AC +4
a: Spit Poison, Renounce Religion, Draw Out Power, Power Leap, Apocalypse


You were on level 2 of the Orcish Mines.
You worshipped Ru.
Ru was exalted by your worship.
You visited 4 branches of the dungeon, and saw 21 of its levels.
You also visited: Trove and Ossuary.

You collected 1675 gold pieces.
You spent 345 gold pieces at shops.

Inventory:

Hand Weapons
 j - a +8 falchion of holy wrath (weapon)
 r - the +1 spear "Z" {vamp, +Rage SInv}
   (You found it on level 4 of the Dungeon)

   It inflicts no extra harm, but heals its wielder when it wounds a living foe.
   It lets you see invisible.
   It lets you go berserk.
Missiles
 m - 84 poisoned darts
 A - 6 silver javelins
Armour
 a - a +1 robe
 C - the +4 ring mail of the Harvest (worn) {Rampage rC+}
   (You found it on level 11 of the Dungeon)

   It protects you from cold.
   It bestows one free step when moving towards enemies.
 H - the +5 scale mail of Truth {Str+3}
   (You found it on level 7 of the Dungeon)

   It affects your strength (+3).
Jewellery
 e - an uncursed amulet of the acrobat
 q - an uncursed amulet of reflection
 t - an amulet of magic regeneration (around neck)
 u - a +4 ring of evasion (left hand)
 v - an uncursed ring of protection from cold
 J - a ring of protection from fire (right hand)
Scrolls
 b - 2 scrolls of amnesia
 f - 6 scrolls of remove curse
 h - 4 scrolls of identify
 w - a scroll of blinking
 x - 2 scrolls of fear
 y - 3 scrolls of enchant armour
 F - 5 scrolls of fog
 G - a scroll of magic mapping
 K - a scroll of brand weapon
 O - a scroll of torment
 Q - 2 scrolls of enchant weapon
 R - a scroll of vulnerability {unknown}
 S - a scroll of summoning
Potions
 d - 6 potions of flight
 k - a potion of brilliance
 l - 3 potions of lignification
 n - 4 potions of haste
 o - 2 potions of mutation
 p - a potion of curing
 s - a potion of invisibility
 B - 3 potions of attraction
 D - 3 potions of magic
 L - a potion of resistance
Miscellaneous
 c - a tin of tremorstones (2/2)
 I - a condenser vane
 P - a condenser vane


   Skills:
 - Level 7.0 Fighting
 - Level 7.3 Long Blades
 + Level 2.6 Polearms
 - Level 5.4 Dodging
 - Level 9.0 Stealth
 + Level 1.8 Shields
 + Level 1.3 Unarmed Combat
 - Level 13.2 Spellcasting
 + Level 2.7 Conjurations
 - Level 5.0 Translocations
 - Level 2.6 Fire Magic
 - Level 13.0 Ice Magic
 * Level 12.1 Air Magic


You had 13 spell levels left.
You knew the following spells:

 Your Spells              Type           Power        Failure   Level
a - Freeze                Ice            100%         1%          1
b - Ozocubu's Armour      Ice            60%          1%          3
c - Frozen Ramparts       Ice            100%         1%          3
d - Gell's Gravitas       Tloc           16%          4%          3
e - Blink                 Tloc           N/A          2%          2
f - Conjure Flame         Conj/Fire      23%          12%         3
g - Lightning Bolt        Conj/Air       21%          16%         5
h - Ozocubu's Refrigerat  Ice            30%          9%          6

Your spell library contained the following spells:

 Spells                   Type           Power        Failure   Level
 Shock                    Conj/Air       100%         1%          1
 Ensorcelled Hibernation  Hex/Ice        78%          1%          2
 Poisonous Vapours        Pois/Air       74%          1%          2
 Swiftness                Air            57%          1%          2
 Static Discharge         Conj/Air       42%          1%          3
 Airstrike                Air            28%          1%          4
 Magic Dart               Conj           96%          3%          1
 Lesser Beckoning         Tloc           16%          4%          3
 Mephitic Cloud           Conj/Pois/Air  33%          4%          3
 Hailstorm                Conj/Ice       44%          4%          4
 Corona                   Hex            14%          12%         1
 Pain                     Necr           52%          12%         1
 Sandblast                Erth           26%          12%         1
 Sting                    Tmut/Pois      52%          12%         1
 Portal Projectile        Hex/Tloc       46%          12%         3
 Passage of Golubria      Tloc           N/A          14%         4
 Passwall                 Tmut/Erth      10%          17%         2
 Slow                     Hex            13%          17%         2
 Wereblood                Tmut           13%          17%         2
 Dazzling Flash           Conj/Hex       36%          21%         3
 Stone Arrow              Conj/Erth      36%          21%         3
 Metabolic Englaciation   Hex/Ice        19%          22%         5
 Silence                  Hex/Air        18%          26%         5
 Confusing Touch          Hex            13%          34%         3
 Spider Form              Tmut/Pois      6%           34%         3
 Vampiric Draining        Necr           6%           34%         3
 Fulminant Prism          Conj/Hex       9%           54%         4
 Cause Fear               Hex            6%           75%         4
 Leda's Liquefaction      Hex/Erth       6%           75%         4
 Olgreb's Toxic Radiance  Pois           13%          75%         4
 Petrify                  Tmut/Erth      13%          75%         4
 Irradiate                Conj/Tmut      9%           88%         5
 Dispersal                Tloc           16%          92%         6
 Agony                    Necr           13%          97%         5
 Alistair's Intoxication  Tmut/Pois      8%           97%         5
 Blade Hands              Tmut           6%           97%         5
 Lee's Rapid Deconstruct  Erth           6%           97%         5
 Yara's Violent Unravell  Hex/Tmut       6%           97%         5
 Eringya's Noxious Bog    Tmut/Pois      6%           100%        6
 Invisibility             Hex            13%          100%        6
 Iron Shot                Conj/Erth      9%           100%        6
 Statue Form              Tmut/Erth      8%           100%        6
 Discord                  Hex            6%           100%        8
 Disjunction              Tloc           16%          100%        8
 Ignition                 Fire           11%          100%        8
 Absolute Zero            Ice            30%          100%        9
 Shatter                  Erth           6%           100%        9
 Tornado                  Air            28%          100%        9
 Summon Ice Beast         Ice/Summ       Unusable     N/A         4
 Animate Skeleton         Necr           Unusable     N/A         1
 Call Imp                 Summ           Unusable     N/A         2
 Tukima's Dance           Hex            Unusable     N/A         3
 Animate Dead             Necr           Unusable     N/A         4

Dungeon Overview and Level Annotations

Branches:
Dungeon (12/15)            Temple (1/1) D:6            Lair (6/6) D:11
  Swamp (0/4) Lair:3       Spider (0/4) Lair:4        Slime (0/5) Lair:5
    Orc (2/2) D:10            Elf (0/3) Orc:2       Ossuary (visited)

Altars:
Ashenzari
Cheibriados
Dithmenos
Elyvilon
Fedhas
Gozag
Hepliaklqana
Kikubaaqudgha
Makhleb
Nemelex Xobeh
Okawaru
Qazlal
Ru
Sif Muna
Trog
Uskayaw
Vehumet
Wu Jian
Xom
Yredelemnul
Zin
The Shining One
Jiyva

Shops:
D:4 [   D:5 [   D:7 **   D:11 }   Orc:2 !(=!

Annotations:
D:11 2 transporters, H0rd4k's ghost, journeyman OpTm
Lair:2 exclusions: downstairs and 1 more exclusion
Lair:3 exclusion: catoblepas
Lair:5 exclusion: 3 oklob plants
Lair:6 5 runed translucent doors, exclusion: 3 doors, tamionv's ghost, journeyman FoFi
Orc:2 Rupert


Innate Abilities, Weirdness & Mutations

You cannot wear boots.
Your serpentine skin is tough. (AC +4)
You have supernaturally acute eyesight. (SInv)
Armour fits poorly on your strangely shaped body.
Your system is resistant to poisons. (rPois)
You cover ground very slowly.
You can spit poison.
You cannot study or use magical devices.
You are hated by all.
You cannot train Armour skill.
You are somewhat inexperienced. (-2 XL)
You can use your snake-like lower body to constrict enemies.


Message History

Unknown command.
Magic courses through your body. Rupert closely misses you.
Unknown command.
Casting: Freeze (safe; 1% risk of failure)
Confirm with . or Enter, or press ? or * to list all spells.
Casting: Frozen Ramparts (safe; 1% risk of failure)
Press: ? - help, Dir - look around, f - activate The walls around you are covered in ice.
Rupert resists.
The wall freezes Rupert.
Rupert hits you with a +2 vorpal great mace!!
* * * LOW HITPOINT WARNING * * *
x2 Unknown command.
Casting: Frozen Ramparts (safe; 1% risk of failure)
Confirm with . or Enter, or press ? or * to list all spells.
The heat is drained from your surroundings.
You resist.
You feel very cold.
Rupert is frozen.
Rupert resists.
Rupert is almost dead.
Rupert resists.
The wall freezes Rupert.
Rupert hits you with a +2 vorpal great mace!
You die...

......#...#§§§#........#.#.......
.#..#.....§§§§§§..#............∩.
..##.......§§§§§.......#..∩......
.####......§§§.........##........
.#.#......#..§.##.#...##........#
..............######..#........##
.#.##.#..#....#####.......#.####
..#....##.......#.##.....####
.#....####.#....@@....#.##
#...### ######.#.##...<.# #.##
#######...## ## ##.## ###


You could see Rupert (berserk).

Vanquished Creatures
  An ettin (Orc:2)
  Harold (Lair:1)
  9 hydras
  Erolcha (D:11)
  2 catoblepae (Lair:3)
  2 ogre magi (Orc:2)
  6 two-headed ogres (Orc:2)
  A queen ant (Lair:2)
  6 death yaks (Lair:6)
  Urug (D:11)
  Nergalle (Lair:1)
  2 deep trolls (Orc:2)
  A lindwurm (Lair:6)
  An oklob plant (D:11)
  A manticore (D:10)
  An ugly thing (D:11)
  2 cyclopes (Orc:2)
  5 elephants (Lair:3)
  Joseph (D:10)
  3 molten gargoyles (Lair:6)
  7 black mambas
  3 torpor snails
  22 cane toads
  A gargoyle (D:11)
  A kobold demonologist (D:11)
  14 komodo dragons
  4 rime drakes
  Grinder (D:6)
  5 polar bears
  11 trolls
  10 dream sheep
  22 blink frogs
  5 spriggans (Lair:2)
  A shadow (D:11)
  8 wyverns
  53 yaks
  4 basilisks
  A steam dragon (Lair:6)
  Menkaure (D:6)
  3 swamp worms (Lair:3)
  7 wargs
  20 soldier ants (Lair:2)
  5 hell hounds (Lair:6)
  14 water moccasins
  8 orc warriors
  3 ice beasts
  4 sky beasts
  2 black bears
  2 phantoms
  24 ogres
  An eye of draining (D:8)
  A necrophage (D:6)
  36 wolves
  6 centaurs
  2 big kobolds
  4 elf zombies (Ossuary)
  14 bullfrogs
  A gnoll sergeant (D:9)
  A water moccasin zombie (D:7)
  20 killer bees
  8 scorpions
  An electric eel (Lair:3)
  5 crimson imps
  6 howler monkeys
  4 lava snakes (Lair:6)
  4 centaur zombies
  7 human zombies (Ossuary)
  A bullfrog zombie (D:7)
  A jelly (D:6)
  5 hounds
  2 bullfrog skeletons
  4 orc priests
  8 orc wizards
  Jessica (D:3)
  6 hell rats (Lair:4)
  22 worker ants
  A killer bee zombie (D:6)
  A human simulacrum (D:11)
  2 hound zombies
  2 hound skeletons
  3 mummies (Ossuary)
  8 gnolls
  14 adders
  A shadow imp (D:8)
  2 white imps
  3 ufetubi
  An adder zombie (D:10)
  2 worms
  2 dart slugs
  3 leopard geckos
  34 orcs
  2 ball pythons
  8 bats
  7 giant cockroaches
  11 goblins
  11 hobgoblins
  6 jackals (D:1)
  8 quokkas
  8 frilled lizards
  A jackal skeleton (D:5)
  21 kobolds
  7 rats
  A bush (Lair:6)
655 creatures vanquished.

Vanquished Creatures (collateral kills)
  An electric eel (D:10)
1 creature vanquished.

Vanquished Creatures (others)
  A hydra (Lair:4)
  A blink frog (Lair:3)
  A dream sheep (Lair:6)
  An orc wizard (Orc:2)
  A human simulacrum (D:11)
  44 fungi
  64 plants
113 creatures vanquished.

Grand Total: 769 creatures vanquished

Notes
Turn   | Place    | Note
-------+----------+-------------------------------------------
     0 | D:1      | H0rd4k the Naga Ice Elementalist began the quest for the
                  | Orb.
     0 | D:1      | Reached XP level 1. HP: 15/15 MP: 3/3
    45 | D:1      | Reached XP level 2. HP: 5/22 MP: 5/5
   827 | D:1      | Reached XP level 3. HP: 15/28 MP: 6/6
   831 | D:1      | Learned a level 3 spell: Ozocubu's Armour
  1417 | D:1      | Learned a level 3 spell: Frozen Ramparts
  1577 | D:2      | Noticed a black bear
  1585 | D:2      | Killed a black bear
  1586 | D:2      | Reached skill level 5 in Ice Magic
  1586 | D:2      | Reached XP level 4. HP: 20/36 MP: 0/9
  1586 | D:2      | Reached XP level 5. HP: 23/42 MP: 0/10
  1737 | D:2      | Found a white marble altar of Elyvilon.
  1977 | D:2      | Found a broken altar of Ashenzari.
  2459 | D:3      | Found a shimmering altar of Xom.
  2467 | D:3      | Reached XP level 6. HP: 49/49 MP: 9/12
  2574 | D:3      | Noticed Jessica
  2580 | D:3      | Killed Jessica
  3019 | D:3      | Found a basalt altar of Yredelemnul.
  3222 | D:3      | Reached skill level 5 in Spellcasting
  3441 | D:4      | Found a blossoming altar of Fedhas.
  3492 | D:4      | Got a dazzling spear
  3493 | D:4      | Identified the +1 spear "Z" {vamp, +Rage SInv} (You found
                  | it on level 4 of the Dungeon)
  3508 | D:4      | Found an ancient bone altar of Kikubaaqudgha.
  3509 | D:4      | Found an iron altar of Okawaru.
  3509 | D:4      | Found a hide-covered altar of Uskayaw.
  3522 | D:4      | Reached XP level 7. HP: 56/56 MP: 7/14
  3594 | D:4      | Found a stormy altar of Qazlal.
  4109 | D:4      | Found Tihunewn's Armour Boutique.
  4335 | D:4      | Found a glowing silver altar of Zin.
  4340 | D:4      | Found a shadowy altar of Dithmenos.
  4343 | D:4      | Found an ornate altar of the Wu Jian Council.
  4412 | D:5      | Entered Level 5 of the Dungeon
  4690 | D:4      | Learned a level 3 spell: Gell's Gravitas
  4833 | D:5      | Found Ritoom's Armour Shoppe.
  5235 | D:5      | Reached XP level 8. HP: 63/63 MP: 11/16
  5330 | D:5      | Reached skill level 1 in Fighting
  5330 | D:5      | Reached skill level 1 in Translocations
  5520 | D:6      | You fall into a shaft and drop 2 floors!
  5532 | D:8      | Noticed a yak
  5533 | D:8      | Noticed a yak
  5534 | D:8      | Noticed a yak
  5535 | D:8      | Noticed a yak
  5536 | D:8      | Noticed a yak
  5540 | D:8      | Killed a yak
  5544 | D:8      | Killed a yak
  5546 | D:8      | Killed a yak
  5547 | D:8      | Reached skill level 1 in Unarmed Combat
  5553 | D:8      | Killed a yak
  5554 | D:8      | Reached skill level 1 in Shields
  5556 | D:8      | Killed a yak
  5557 | D:8      | Reached XP level 9. HP: 57/70 MP: 2/19
  6583 | D:8      | Learned a level 2 spell: Blink
  6973 | D:7      | Found a sand-covered staircase.
  6987 | Ossuary  | Entered an ossuary
  7112 | Ossuary  | HP: 5/109 [centaur zombie (4)]
  7617 | Ossuary  | Reached skill level 1 in Evocations
  7845 | Ossuary  | Reached skill level 1 in Polearms
  8094 | D:7      | Reached skill level 5 in Stealth
  8806 | D:6      | Noticed Menkaure
  8809 | D:6      | Killed Menkaure
  8810 | D:6      | Reached XP level 10. HP: 68/81 MP: 22/22
  9190 | D:6      | Found a staircase to the Ecumenical Temple.
  9260 | D:6      | Noticed Grinder
  9277 | D:6      | Reached skill level 1 in Long Blades
  9311 | D:6      | Killed Grinder
 10451 | D:7      | Found Beyse's General Store.
 10610 | D:7      | Found Bituwots's Assorted Antiques.
 10618 | D:7      | Bought a leatherbound book for 345 gold pieces
 10626 | D:7      | Learned a level 3 spell: Conjure Flame
 10810 | D:7      | Got a smoking scale mail
 10821 | D:7      | Identified the +5 scale mail of Truth {Str+3} (You found it
                  | on level 7 of the Dungeon)
 11981 | D:9      | Found a burning altar of Makhleb.
 11981 | D:9      | Found a radiant altar of Vehumet.
 12480 | D:10     | Entered Level 10 of the Dungeon
 12696 | D:10     | Reached XP level 11. HP: 74/90 MP: 24/24
 12832 | D:10     | Noticed a manticore
 13063 | D:10     | Found a portal to a secret trove of treasure.
 13066 | D:10     | Noticed Joseph
 13083 | D:10     | Killed Joseph
 13342 | D:10     | Found a staircase to the Orcish Mines.
 13820 | D:11     | Noticed a sixfirhy
 13824 | D:11     | Reached skill level 10 in Ice Magic
 13835 | D:11     | Reached skill level 10 in Spellcasting
 13962 | D:11     | Found a staircase to the Lair.
 13963 | D:11     | Noticed an oklob plant
 14539 | D:11     | Killed an oklob plant
 14710 | D:11     | Noticed Erolcha
 14736 | D:11     | Noticed Nergalle
 14752 | Lair:1   | Entered Level 1 of the Lair of Beasts
 14773 | Lair:1   | Killed Nergalle
 15480 | Lair:1   | Reached skill level 5 in Dodging
 15824 | Lair:1   | Noticed a five-headed hydra
 15855 | Lair:1   | Noticed Harold
 15866 | Lair:1   | Killed Harold
 15867 | Lair:1   | Reached skill level 5 in Long Blades
 15867 | Lair:1   | Reached XP level 12. HP: 91/99 MP: 16/26
 16019 | Lair:1   | Killed a five-headed hydra
 16465 | D:11     | Noticed Urug
 16480 | D:11     | Killed Urug
 16480 | D:11     | Killed Erolcha
 16752 | D:11     | Found a bloodstained altar of Trog.
 16752 | D:11     | Noticed H0rd4k's ghost (journeyman OpTm)
 16754 | D:11     | Identified the +9 halberd "Gomn" {antimagic, *Slow rC+
                  | Will+ Str+5}
 16754 | D:11     | Noticed a tengu warrior
 16760 | D:11     | Found a transporter.
 16767 | D:11     | Noticed a four-headed hydra
 16903 | D:11     | Found Vuixturch's Gadget Shop.
 16913 | D:11     | Killed a four-headed hydra
 17068 | D:11     | Found a transporter.
 17400 | D:11     | Got a faintly humming ring mail
 17413 | D:11     | Identified the +4 ring mail of the Harvest {Rampage rC+}
                  | (You found it on level 11 of the Dungeon)
 17942 | Temple   | Entered the Ecumenical Temple
 18025 | Temple   | Became a worshipper of Ru the Awakened
 19010 | Lair:2   | Reached skill level 1 in Conjurations
 19045 | Lair:2   | Reached skill level 1 in Armour
 19045 | Lair:2   | Reached skill level 1 in Fire Magic
 19678 | Lair:2   | Noticed a queen ant
 19694 | Lair:2   | Killed a queen ant
 19712 | Lair:2   | Gained mutation: You can use your snake-like lower body to
                  | constrict enemies. [Naga growth]
 19712 | Lair:2   | Reached XP level 13. HP: 29/108 MP: 1/29
 19727 | Lair:2   | Gained mutation: You are hated by all. [Ru sacrifice]
 19727 | Lair:2   | Reached * piety under Ru
 20383 | Lair:2   | Learned a level 5 spell: Lightning Bolt
 21194 | Lair:2   | Reached skill level 1 in Air Magic
 22361 | Lair:3   | Found a staircase to the Swamp.
 24277 | Lair:4   | Gained mutation: You cannot study or use magical devices.
                  | [Ru sacrifice]
 24277 | Lair:4   | Reached ** piety under Ru
 24277 | Lair:4   | Reached *** piety under Ru
 24300 | Lair:4   | Found a hole to the Spider Nest.
 24960 | Lair:4   | Reached XP level 14. HP: 107/112 MP: 27/31
 25724 | Lair:5   | HP: 2/111 [yak (12)]
 25729 | Lair:5   | Reached skill level 5 in Air Magic
 26132 | Lair:5   | Reached skill level 5 in Fighting
 26910 | Lair:5   | Found a staircase to the Slime Pits.
 27301 | Lair:5   | Gained mutation: You cannot train Armour skill. [Ru
                  | sacrifice]
 27301 | Lair:5   | Reached **** piety under Ru
 27301 | Lair:5   | Reached ***** piety under Ru
 27464 | Lair:5   | Found a shimmering altar of Xom.
 27576 | Lair:6   | Entered Level 6 of the Lair of Beasts
 28419 | Lair:6   | Reached skill level 5 in Translocations
 29146 | D:10     | You paid a toll of 13 scrolls of teleportation to enter a
                  | treasure trove
 29147 | Trove    | Entered a treasure trove
 29163 | Trove    | Identified Sif Muna's Collected Works on Enthralling
                  | Envenoming
 29180 | Trove    | Identified Sif Muna's Tome of Destructive Earth
 29189 | Trove    | Identified Toli's Catalogue of Contamination and
                  | Orientation
 29212 | Trove    | Identified Sif Muna's Catalogue of Mutagenic Curses
 29222 | Trove    | Identified Sif Muna's Almanac of the Unstable Glacier
 29238 | Trove    | Learned a level 6 spell: Ozocubu's Refrigeration
 29402 | Lair:6   | HP: 5/119 [dream sheep (16)]
 29895 | Lair:6   | Found a runed translucent gate.
 29896 | Lair:6   | Found a runed translucent gate.
 29897 | Lair:6   | Found a runed translucent gate.
 30005 | Lair:6   | Reached XP level 15. HP: 121/129 MP: 10/32
 30066 | Lair:6   | Found a large runed translucent door.
 30277 | Lair:6   | Found a large runed translucent door.
 30365 | Lair:6   | Noticed tamionv's ghost (journeyman FoFi)
 30367 | Lair:6   | Found a viscous altar of Jiyva.
 30881 | Lair:6   | Reached skill level 10 in Air Magic
 31522 | D:11     | Gained mutation: You are somewhat inexperienced. (-2 XL)
                  | [Ru sacrifice]
 31522 | D:11     | Reached XP level 14. HP: 123/123 MP: 31/31
 31522 | D:11     | Reached XP level 13. HP: 115/115 MP: 30/30
 31522 | D:11     | Reached ****** piety under Ru
 31585 | Orc:1    | Entered Level 1 of the Orcish Mines
 31938 | Orc:2    | Entered Level 2 of the Orcish Mines
 32122 | Orc:2    | Noticed Rupert
 32177 | Orc:2    | Noticed an ettin
 32329 | Orc:2    | Noticed an ogre mage
 32382 | Orc:2    | Killed an ogre mage
 32926 | Orc:2    | Found Jutioxuf's Weapon Shoppe.
 32931 | Orc:2    | Found Iluoca Qobe's Distillery.
 32933 | Orc:2    | Found Qiafat's Distillery.
 32942 | Orc:2    | Found a staircase to the Elven Halls.
 32942 | Orc:2    | Found Xis Pur's Jewellery Emporium.
 33107 | Orc:2    | Killed an ettin
 33108 | Orc:2    | Reached XP level 14. HP: 52/123 MP: 13/31
 33417 | Orc:2    | Paralysed by Rupert for 4 turns
 33427 | Orc:2    | Paralysed by Rupert for 4 turns
 33453 | Orc:2    | Slain by Rupert

Illustrated notes

Levels and vault maps discovered:
D:1:      wander_arrival_peaceful_grave, layout_basic, hangedman_decor_points,
          chequers_serial_rivers_small_b, minmay_pentomino_w2
D:2:      layout_rooms, evilmike_ruin_ashenzari, elyvilon_altar_1
D:3:      layout_loops_ring, led_xom_imps, marbit_many_paths, minmay_checkerbox,
          uniq_jessica
D:4:      layout_cave_pools, kennysheep_little_box, fedhas_altar_2,
          minmay_overflow_temple_star_quad,
          chequers_temple_overflow_statue_of_worship, serial_shops, shop,
          chequers_serial_rivers_micro_a, hangedman_decor_slide_cut,
          kennysheep_generic_room_4
D:5:      layout_gridville, serial_shops, nicolae_shop_behind_doors
D:6:      minmay_diamond_boxcup, layout_loops_corners,
          minmay_temple_entry_poolview, hangedman_abyss_or_decor_stagger,
          uniq_menkaure, uniq_grinder
D:7:      layout_rooms, serial_shops, nicolae_shop_behind_doors, shop,
          nicolae_ossuary_entry_false_entrances
D:8:      layout_loops_corners
D:9:      layout_rooms, grunt_temple_overflow_lords_of_destruction
D:10:     layout_basic, minmay_orc_entry_guard_dogs, enter_trove_2, uniq_joseph
D:11:     minmay_evil_eye, layout_basic, dpeg_oklobed_lair,
          gammafunk_ghost_wrathful_warriors, serial_shops, shop,
          bh_circular_ruins, uniq_erolcha, uniq_nergalle, uniq_urug
D:12:     layout_rooms, grunt_decor_mini_mirrors, uniq_kirke
Temple:   jpeg_temple_island
Lair:1:   layout_cave_pods, nicolae_lair_grove_arrangements, uniq_harold
Lair:2:   kb_forest_paths, layout_regular_city, minivault_29
Lair:3:   nzn_winding_woodlands_large [nzn_winding_woodlands_5x5_default,
          nzn_winding_woodlands_5x15_eye,
          nzn_winding_woodlands_5x5_checkerboard,
          nzn_winding_woodlands_center_lodge,
          nzn_winding_woodlands_15x15_killbox,
          nzn_winding_woodlands_center_diamonds,
          nzn_winding_woodlands_5x5_perimeter,
          nzn_winding_woodlands_5x15_crooked,
          nzn_winding_woodlands_5x5_closed_star], layout_long_grid,
          nicolae_swamp_entry_splash_gauntlet
Lair:4:   layout_cave_pods, nicolae_spider_entry_non_spiders
Lair:5:   layout_gridlike, minmay_slime_entry_oklob_open, basic_altar,
          grunt_megastairs_5, infiniplex_staircase_pool_2
Lair:6:   cheibrodos_lair_end_hotspot, layout_regular_city,
          gammafunk_ghost_ooze, grunt_forest_large_clearings
Orc:1:    layout_caves
Orc:2:    st_orc_open, layout_caves, uniq_rupert

Skill      XL: |  1  2  3  4  5  6  7  8  9 10 11 12 13 14 15 |
---------------+----------------------------------------------+-----
Dodging        | 2 3 5 |  5.4
Spellcasting   | 3 4 5 7 8 9 10 12 13 | 13.2
Ice Magic      | 5 6 7 9 10 11 12 13 | 13.0
Fighting       | 1 2 3 4 7 |  7.0
Translocations | 1 2 3 4 5 |  5.0
Stealth        | 4 5 6 8 9 |  9.0
Unarmed Combat | 1 |  1.3
Shields        | 1 |  1.8
Evocations     | 1 0 |  0.0
Polearms       | 2 |  2.6
Long Blades    | 3 5 7 |  7.3
Conjurations   | 2 |  2.7
Armour         | 1 2 0 |  0.0
Fire Magic     | 2 |  2.6
Air Magic      | 12 8 10 | 12.1

Action                   |  1- 3 |  4- 6 |  7- 9 | 10-12 | 13-15 || total
-------------------------+-------+-------+-------+-------+-------++-------
Melee: Unarmed           |    26 |     4 |    15 |       |       ||    45
       Spear             |       |       |   221 |       |       ||   221
       Falchion          |       |       |     5 |   278 |    68 ||   351
       Punch             |       |       |       |     2 |     3 ||     5
       Constrict         |       |       |       |       |    56 ||    56
 Cast: Freeze            |    45 |    51 |    93 |   147 |   482 ||   818
       Frozen Ramparts   |     3 |     8 |    24 |    52 |   123 ||   210
       Ozocubu's Armour  |       |     1 |     2 |    39 |    40 ||    82
       Gell's Gravitas   |       |       |     6 |    27 |    13 ||    46
       Conjure Flame     |       |       |       |     1 |     1 ||     2
       Blink             |       |       |       |     1 |       ||     1
       Ozocubu's Refrige |       |       |       |       |    73 ||    73
       Lightning Bolt    |       |       |       |       |     1 ||     1
Invok: Draw Out Power    |       |       |       |       |     7 ||     7
       Power Leap        |       |       |       |       |     2 ||     2
       Sacrifice Artific |       |       |       |       |     1 ||     1
       Sacrifice Love    |       |       |       |       |     1 ||     1
       Sacrifice Experie |       |       |       |       |     1 ||     1
       Sacrifice Durabil |       |       |       |       |     1 ||     1
 Abil: Spit Poison       |    13 |     1 |     8 |    24 |    23 ||    69
Evoke: Wand              |       |       |    23 |     5 |       ||    28
       Condenser vane    |       |       |       |       |     1 ||     1
  Use: Scroll            |       |       |    19 |     6 |    14 ||    39
       Potion            |       |       |     4 |     8 |     8 ||    20
 Stab: Sleeping          |       |       |     1 |    10 |     4 ||    15
       Distracted        |       |       |       |     1 |       ||     1
       Invisible         |       |       |       |       |     1 ||     1
Armor: Robe              |     9 |     4 |    51 |    83 |       ||   147
       Skin              |       |       |     5 |       |       ||     5
       Ring mail         |       |       |       |    23 |   254 ||   277
Dodge: Dodged            |    65 |    51 |   212 |   324 |   503 ||  1155
Block: Other             |       |       |    56 |    25 |       ||    81
       Rpst.: Falchion   |       |       |     2 |    78 |   111 ||   191
